 Dungeon Crawl Stone Soup version 0.30-a0-389-g8d7d949f56 (webtiles) character file.

Game seed: 17967438158114195436

8 Boomshaker the Sneak (level 2, -1/24 HPs)
             Began as a Demonspawn Delver on Dec 3, 2022.
             Slain by a shadow imp (3 damage)
             ... on level 6 of the Dungeon.
             The game lasted 00:03:03 (181 turns).

Boomshaker the Sneak (Demonspawn Delver)             Turns: 181, Time: 00:03:03

Health: -1/24      AC:  3    Str: 12    XL:     2   Next: 0%
Magic:  2/2        EV: 11    Int: 11    God:
Gold:   20         SH:  0    Dex: 14    Spells: 1/1 levels left

rFire   . . .      SeeInvis .    a - +0 short sword
rCold   . . .      Faith    .    (no shield)
rNeg    . . .      Spirit   .    b - +0 leather armour
rPois   .          Reflect  .    (no helmet)
rElec   .          Harm     .    (no cloak)
rCorr   .          Rampage  .    (no gloves)
Will    .....                    (no boots)
Stlth   +++.......               (no amulet)
HPRegen 0.24/turn                (no ring)
MPRegen 0.08/turn                (no ring)

@: no status effects
A: demonic magic 1
a: no special abilities


You were on level 6 of the Dungeon.
You visited 1 branch of the dungeon, and saw 2 of its levels.

You collected 20 gold pieces.

Inventory:

Hand Weapons
 a - a +0 short sword (weapon)
Armour
 b - a +0 leather armour (worn)
Wands
 g - a wand of digging (3)
Scrolls
 c - a scroll of fog
 d - a scroll of magic mapping
 e - a scroll of fear
 h - a scroll of identify {unknown}
Potions
 f - a potion of haste


   Skills:
 + Level 3.1 Fighting
 + Level 1.8 Short Blades
 + Level 1.8 Dodging
 + Level 4.8 Stealth


You had one spell level left.
You didn't know any spells.
Your spell library was empty.

Dungeon Overview and Level Annotations

Branches:
Dungeon (6/15)
 Temple: D:4-7

Altars:


Innate Abilities, Weirdness & Mutations

Spells you cast may paralyse adjacent enemies.


Message History

The gnoll shouts!
You hear a shout!
You see here 5 poisoned darts.
A shadow imp comes into view.
Found a stone staircase leading down.
The shadow imp shouts!
Found 13 gold pieces.
The shadow imp gestures at you. Pain shoots through your body!
* * * LOW HITPOINT WARNING * * *
The shadow imp hits you but does no damage.
The shadow imp attacks as you move away!
The shadow imp closely misses you.
There are monsters nearby!
There are monsters nearby!
Unknown command.
Unknown command.
Unknown command.
Unknown command.
Unknown command.
Unknown command.
Unknown command.
Unknown command.
Unknown command.
Unknown command.
Unknown command.
Unknown command.
Unknown command.
Unknown command.
Unknown command.
The shadow imp hits you.
* * * LOW HITPOINT WARNING * * *
The shadow imp attacks as you move away!
The shadow imp hits you but does no damage.
The shadow imp grins evilly.
The shadow imp attacks as you move away!
The shadow imp barely misses you.
You open the door. The gnoll hits you with a +0 flail.
* * * LOW HITPOINT WARNING * * *
The shadow imp hits you.
You die...

#............(....#
##............####..#
#.............## ##.#
#..$...........# #.#
##..............# #g#
#..............># #.#
#...............# ..#
#.......5g......# ..
#........@......#
#....####'####.##
##..# ... #.. .._..
#.. #.###.# # ###$###
##$$$## #$$$#


You could see a gnoll and a shadow imp.

Vanquished Creatures
  A shadow imp (D:6)
1 creature vanquished.

Notes
Turn   | Place    | Note
-------+----------+-------------------------------------------
     0 | D:5      | Boomshaker the Demonspawn Delver began the quest for the
                  | Orb.
     0 | D:5      | Reached XP level 1. HP: 18/18 MP: 1/1
    14 | D:5      | Noticed an iguana
    33 | D:5      | Noticed an iguana
    37 | D:5      | Noticed an orc wizard
    38 | D:5      | Noticed an ice beast
    38 | D:5      | Noticed an orc warrior
   138 | D:6      | Gained mutation: Spells you cast may paralyse adjacent
                  | enemies. [demonic ancestry]
   138 | D:6      | Reached XP level 2. HP: 5/24 MP: 2/2
   181 | D:6      | Slain by a shadow imp

Illustrated notes

Levels and vault maps discovered:
D:5:      layout_basic, serial_shops, nicolae_shop_hallway_plus,
          nicolae_inconvenience_store, nicolae_shop_window_shopping,
          kennysheep_mini_moat, lemuel_flame_loot_1
D:6:      layout_cave_pods, zin_treasury, lemuel_crystal_altar, serial_shops,
          shop, uniq_edmund

Action                   || total
-------------------------++-------
Melee: Short sword       ||    14
Armor: Leather armour    ||     4
Dodge: Dodged            ||     9

Table legend: (Time is in decaauts)
 A = Elapsed time spent in this place.
 B = Non-inter-level travel time spent in this place.
 C = Inter-level travel time spent in this place.
 D = Time resting spent in this place.
 E = Time spent auto-exploring this place.
 F = Levels seen in this place.
 G = Mean time per level.
                   A        B        C        D        E       F      G
               +--------+--------+--------+--------+--------+-----+--------+
         Total |    179 |    179 |      0 |     55 |      3 |   2 |   89.5 |
       Dungeon |    179 |    179 |      0 |     55 |      3 |   2 |   89.5 |
               +--------+--------+--------+--------+--------+-----+--------+

Top non-repeatable levels by time:
     D:6: 127 daAuts
     D:5: 52 daAuts
